 Dungeon Crawl Stone Soup version 0.18.1-8-gdd0e5ea (webtiles) character file.

47708 georgeearnest the Peltast (level 14, -11/124 HPs)
             Began as a Hill Orc Fighter on June 11, 2016.
             Was the Champion of Beogh.
             Mangled by a deep elf knight
             ... wielding a +0 great mace
              (12 damage)
             ... on level 2 of the Elven Halls on June 12, 2016.
             The game lasted 01:01:05 (14734 turns).

georgeearnest the Peltast (Hill Orc Fighter)       Turns: 14734, Time: 01:01:05

Health: -11/124    AC: 24    Str: 31    XL:     14   Next: 43%
Magic:  16/16      EV: 10    Int:  8    God:    Beogh [******]
Gold:   943        SH: 24    Dex: 10    Spells: 0 memorised, 13 levels left

rFire  . . .     SeeInvis .     a - +0 war axe (freeze)
rCold  . . .     Gourm    .     H - +0 plate armour of the Elephant {*Drain rPois rCorr}
rNeg   + . .     Faith    .     Z - +3 shield {reflect}
rPois  +         Spirit   .     (no helmet)
rElec  .         Dismiss  .     i - +2 cloak
rCorr  +         Reflect  +     s - +1 pair of gloves
SustAt .         Harm     .     (no boots)
MR     ++...                    y - +5 amulet of reflection
Stlth  ..........               S - ring "Laipruni" {+Fly rN+ Str+2}
                                w - ring of protection from magic

@: mighty, very resistant to hostile enchantments, extremely unstealthy
A: walk on water
a: Smiting, Recall Orcish Followers, Give Item to Named Follower, Resurrection,
Renounce Religion, Evoke Flight


You were on level 2 of the Elven Halls.
You worshipped Beogh.
Beogh was exalted by your worship.
You were not hungry.

You visited 3 branches of the dungeon, and saw 15 of its levels.
You also visited: Ossuary.

You collected 1440 gold pieces.
You spent 497 gold pieces at shops.

Inventory:

Hand Weapons
 a - a +0 war axe of freezing (weapon)
Armour
 i - a +2 cloak (worn)
 s - a +1 pair of gloves (worn)
 H - the +0 plate armour of the Elephant (worn) {*Drain rPois rCorr}
   (You bought it in a shop on level 10 of the Dungeon)

   It protects you from poison.
   It protects you from acid and corrosion.
   It causes draining when unequipped.
 Z - a +3 shield of reflection (worn)
Jewellery
 d - an uncursed ring of poison resistance {unknown}
 e - an uncursed ring of protection from fire
 w - a ring of protection from magic (left hand)
 y - a +5 amulet of reflection (around neck)
 S - the ring "Laipruni" (right hand) {+Fly rN+ Str+2}
   (You found it on level 9 of the Dungeon)

   [ring of flight]

   It affects your strength (+2).
   It protects you from negative energy.
   It lets you fly.
Wands
 m - a wand of random effects (20/48)
 r - a wand of lightning (8/15)
 u - a wand of hasting (2/9)
 J - a wand of random effects (8/48)
 T - a wand of iceblast (10/15)
Scrolls
 c - a scroll of silence {unknown}
 g - a scroll of identify
 h - a scroll of fog
 l - 2 scrolls of fear
 o - 9 scrolls of teleportation
 A - 3 scrolls of enchant armour
Potions
 n - 2 potions of magic
 v - 2 potions of haste
 x - 3 potions of brilliance
 z - a potion of ambrosia
 M - a potion of flight
 Y - a potion of might
Books
 b - the Guide on Companions
   (You found it on level 1 of the Elven Halls)

   Spells                             Type                      Level
   a - Summon Guardian Golem          Hexes/Summoning              3
   b - Shadow Creatures               Summoning                    6
   c - Spellforged Servitor           Conjuration/Summoning        7
Comestibles
 f - 4 bread rations
 j - 8 beef jerkies
 k - 2 royal jellies
 q - 7 meat rations
 t - 2 slices of pizza


   Skills:
 + Level 11.5 Fighting
 + Level 14.1 Axes
 + Level 11.6 Armour
 + Level 6.5 Dodging
 + Level 2.1 Stealth
 + Level 16.0 Shields
 + Level 3.6 Invocations


You had 13 spell levels left.
You didn't know any spells.

Dungeon Overview and Level Annotations

Branches:
Dungeon (11/15)            Temple (0/1) D:7            Lair (0/8) D:9
    Orc (2/2) D:10            Elf (2/3) Orc:2

Altars:
Ashenzari
Cheibriados
Dithmenos
Elyvilon
Gozag
Kikubaaqudgha
Okawaru
Pakellas
Qazlal
Ru
Sif Muna
Vehumet
Xom
Yredelemnul
The Shining One
Beogh

Shops:
D:6 ?   D:10 [   Orc:1 *   Orc:2 [?[[

Annotations:
Elf:2 1 runed door


Message History

The deep elf knight hits Bogmar with a trident!
You closely miss the deep elf knight.
The deep elf knight is moderately wounded.
You closely miss something. Something hits you!
* * * LOW HITPOINT WARNING * * *
Deactivating autopickup; reactivate with Ctrl-A.
You block the deep elf knight's attack.
The deep elf knight barely misses Bogmar.
A deep elf archer comes into view. It is wielding a short sword.
Bogmar hits something with an antimagic broad axe!
Worak hits the deep elf knight from afar with a trident of venom!
The deep elf knight is poisoned.
The deep elf knight casts a spell at you.
Your +3 shield of reflection reflects the orb of energy!
The orb of energy hits the deep elf knight.
Bogbrand hits the deep elf knight from afar with a halberd of venom!!!
The deep elf knight dies!
Beogh accepts your kill.
Something barely misses Bogmar.
Something hits you!
You die...

. .. .. ...#####o.......)........
.##. .##.......#..e.......)))..#.
.... ........>............))...#.
#.#. .#.###..........#..).))..(##
...#... ###...............()..o
#ee.# #...)......).)))..)###
#{(§# ##....)).....#####(## #
###§######....))......#####(####
##.#§#§.......o.@........#.).(..#
#..#§§e.eo.).>).o....###)#.#.##.#
.#.##§§.......)......###.#o#.##.#
.....###................)#o#.##.#
...#.# #................)oo......
.###.###..............##)#o#(...#
.# #..........[..........#.######
o# #.##.............######.# o#
#.##.#....###...## #.#


You could see a deep elf archer, the friendly Bogbrand the orc knight, the
friendly Bogmar the orc knight and the friendly Worak the orc knight.

Vanquished Creatures
  Donald (Orc:2)
  A hydra (D:11)
  2 dancing weapons
  2 orc high priests
  Nergalle (D:10)
  2 deep elf knights
  A deep elf archer (Elf:1)
  8 deep elf magi
  2 gargoyles (D:10)
  A water elemental (Elf:1)
  3 wraiths (D:10)
  Grum (D:8)
  A wyvern (D:10)
  A hungry ghost (D:9)
  The ghost of Malvoorn the Slasher, an amateur DsAK of Lugonu (D:3)
  A hippogriff (D:7)
  2 yaks
  A warg (Orc:1)
  Menkaure (D:7)
  A water moccasin (D:8)
  A sky beast (D:6)
  An orc warrior (D:7)
  An eye of draining (D:10)
  4 black bears
  2 ice beasts
  A necrophage (D:6)
  8 ogres
  2 phantoms
  3 wolves
  A big kobold (D:7)
  5 giant frogs
  A gnoll sergeant (D:5)
  4 water moccasin zombies (Ossuary)
  2 scorpions
  14 killer bees
  2 howler monkeys (D:8)
  A crimson imp (D:6)
  A giant frog zombie (D:7)
  2 jellies
  A quasit (D:7)
  A hound (D:6)
  7 orc priests
  6 orc wizards
  4 giant frog skeletons
  3 iguanas
  5 worker ants
  3 big kobold zombies (Ossuary)
  2 hound zombies
  2 mummies (Ossuary)
  2 howler monkey zombies
  2 worker ant zombies
  6 adders
  6 gnolls
  4 shadow imps
  5 adder zombies (Ossuary)
  2 dart slugs
  3 worms
  2 giant geckos
  29 orcs
  2 ball pythons
  A bat (D:2)
  4 giant cockroaches
  3 gnoll zombies (Ossuary)
  8 goblins
  4 hobgoblins (D:1)
  9 jackals
  A giant gecko skeleton (D:4)
  2 giant newts
  5 hobgoblin zombies (Ossuary)
  A jackal zombie (D:6)
  5 kobolds
  4 kobold zombies (Ossuary)
  4 orc zombies (Ossuary)
  8 rats
246 creatures vanquished.

Vanquished Creatures (collateral kills)
  Asterion (Elf:2)
  2 orc warlords (Orc:1)
  A stone giant (Orc:2)
  An ettin (Orc:2)
  Josephine (D:10)
  Fannar (D:10)
  A hydra (D:11)
  A death knight (D:10)
  Erica (D:8)
  16 dancing weapons
  Urug (D:10)
  2 orc high priests (Orc:2)
  6 deep elf knights
  A skeletal warrior (D:10)
  An unseen horror (D:11)
  3 deep elf archers (Elf:2)
  A hill giant (D:11)
  An ugly thing (D:11)
  7 orc knights
  26 deep elf magi
  5 orc sorcerers (Orc:2)
  A manticore (D:11)
  A cyclops (D:11)
  A centaur skeleton (D:11)
  2 freezing wraiths (D:10)
  3 trolls
  A two-headed ogre (D:10)
  3 wraiths (D:10)
  2 fire elementals (Elf:2)
  13 yaks
  A hungry ghost (D:8)
  3 wargs
  14 orc warriors
  A sky beast (D:8)
  A necrophage (D:10)
  6 ogres
  6 giant frogs
  3 earth elementals (Elf:2)
  A scorpion (D:10)
  A killer bee (D:8)
  5 wights (D:8)
  A centaur zombie (D:10)
  22 orcs
  2 crimson imps
  2 hounds
  9 orc priests
  6 orc wizards
  2 worker ants
  2 adders
  An adder zombie (D:9)
  An adder skeleton (D:8)
  A giant gecko (D:9)
  2 jackals (D:10)
  3 quokkas
203 creatures vanquished.

Vanquished Creatures (others)
  A deep elf demonologist (Elf:1)
  4 orc knights
  A deep elf archer (Elf:1)
  A cyclops (D:11)
  12 orc warriors
  3 centaurs
  12 orc priests
  11 orc wizards
  46 orcs
  A bat (D:3)
92 creatures vanquished.

Grand Total: 541 creatures vanquished

Notes
Turn   | Place    | Note
--------------------------------------------------------------
     0 | D:1      | georgeearnest the Hill Orc Fighter began the quest for the Orb.
     0 | D:1      | Reached XP level 1. HP: 19/19 MP: 1/1
   135 | D:1      | Reached XP level 2. HP: 25/27 MP: 2/2
   559 | D:2      | Reached XP level 3. HP: 33/33 MP: 3/3
   568 | D:2      | Reached skill level 4 in Shields
   759 | D:2      | Found a sacrificial altar of Ru.
   982 | D:3      | Reached XP level 4. HP: 30/40 MP: 4/4
  1037 | D:3      | Found an iron altar of Okawaru.
  1097 | D:3      | Found a shadowy altar of Dithmenos.
  1097 | D:3      | Found an opulent altar of Gozag.
  1097 | D:3      | Found a shattered altar of Ashenzari.
  1109 | D:3      | Found a glowing golden altar of the Shining One.
  1113 | D:3      | Found an ancient bone altar of Kikubaaqudgha.
  1256 | D:3      | Noticed Malvoorn's ghost (amateur DsAK)
  1274 | D:3      | Became a worshipper of Beogh the Brigand
  1280 | D:3      | Killed Malvoorn's ghost
  1280 | D:3      | Reached skill level 1 in Dodging
  1280 | D:3      | Reached XP level 5. HP: 31/47 MP: 5/5
  1683 | D:4      | Reached XP level 6. HP: 43/53 MP: 6/6
  1702 | D:4      | Noticed a phantom
  1743 | D:4      | Killed a phantom
  1964 | D:4      | Reached skill level 5 in Fighting
  1964 | D:4      | Reached skill level 5 in Armour
  2018 | D:4      | Reached skill level 5 in Shields
  2114 | D:4      | Reached XP level 7. HP: 61/61 MP: 7/7
  2339 | D:5      | Entered Level 5 of the Dungeon
  2443 | D:5      | Found a basalt altar of Yredelemnul.
  2614 | D:5      | Reached * piety under Beogh
  2852 | D:5      | Reached skill level 5 in Axes
  3099 | D:6      | Reached skill level 6 in Shields
  3099 | D:6      | Reached XP level 8. HP: 60/69 MP: 8/8
  3136 | D:6      | Gained mutation: You have sharp fingernails. [mutagenic meat]
  3137 | D:6      | Gained mutation: You have a pair of small horns on your head. [mutagenic meat]
  3138 | D:6      | Gained mutation: Your natural rate of healing is unusually fast. [mutagenic meat]
  3139 | D:6      | Gained mutation: You have an increased reservoir of magic (+10% MP). [mutagenic meat]
  3165 | D:6      | Found Cagootuipt's Magic Scroll Shop.
  3173 | D:6      | Bought a scroll of teleportation for 39 gold pieces
  3173 | D:6      | Bought a scroll of teleportation for 39 gold pieces
  3173 | D:6      | Bought a scroll of fear for 45 gold pieces
  3300 | D:6      | Reached skill level 7 in Shields
  3375 | D:6      | Found a white marble altar of Elyvilon.
  3573 | D:6      | Reached skill level 1 in Stealth
  3701 | D:6      | Found a sand-covered staircase.
  3711 | Ossuary  | Entered an ossuary
  3732 | Ossuary  | Reached ** piety under Beogh
  3745 | Ossuary  | Reached skill level 8 in Shields
  3745 | Ossuary  | Reached XP level 9. HP: 69/75 MP: 9/9
  4517 | D:7      | Reached *** piety under Beogh
  4526 | D:7      | Found a staircase to the Ecumenical Temple.
  4633 | D:7      | Noticed Menkaure
  4641 | D:7      | Killed Menkaure
  4739 | D:7      | Reached skill level 9 in Shields
  4986 | D:7      | Found a snail-covered altar of Cheibriados.
  5045 | D:7      | Found a stormy altar of Qazlal.
  5045 | D:7      | Found a shimmering altar of Xom.
  5110 | D:7      | Reached XP level 10. HP: 47/84 MP: 11/11
  5132 | D:7      | Reached skill level 10 in Shields
  5342 | D:8      | Reached **** piety under Beogh
  5371 | D:8      | Noticed Grum
  5549 | D:8      | Killed Grum
  5593 | D:8      | Gained Wardok as an ally
  5760 | D:8      | Noticed Erica
  5764 | D:8      | Killed Erica
  5764 | D:8      | Reached skill level 11 in Shields
  5873 | D:8      | Found a deep blue altar of Sif Muna.
  6132 | D:9      | Found an oddly glowing altar of Pakellas.
  6133 | D:9      | Found a radiant altar of Vehumet.
  6195 | D:9      | Found a staircase to the Lair.
  6310 | D:9      | Got a clouded steel ring
  6370 | D:9      | Reached skill level 5 in Dodging
  6413 | D:9      | Reached ***** piety under Beogh
  6703 | D:10     | Entered Level 10 of the Dungeon
  6705 | D:10     | Noticed Nergalle
  6705 | D:10     | Noticed Josephine
  6711 | D:10     | Reached XP level 11. HP: 94/94 MP: 12/12
  6722 | D:10     | Killed Nergalle
  6725 | D:10     | Killed Josephine
  6725 | D:10     | Reached skill level 12 in Shields
  6817 | D:10     | Found a roughly hewn altar of Beogh.
  6917 | D:10     | Found a staircase to the Orcish Mines.
  6957 | D:10     | Noticed Fannar
  6969 | D:10     | Killed Fannar
  6969 | D:10     | Gained Bladwarg as an ally
  6978 | D:10     | Noticed a death knight
  6981 | D:10     | Noticed a skeletal warrior
  6984 | D:10     | Reached skill level 10 in Axes
  6985 | D:10     | Your ally Bladwarg died
  6990 | D:10     | Killed a death knight
  6999 | D:10     | Killed a skeletal warrior
  7170 | D:10     | Identified the ring "Laipruni" {+Fly rN+ Str+2} (You found it on level 9 of the Dungeon)
  7182 | D:10     | Noticed Urug
  7197 | D:10     | Killed Urug
  7586 | D:10     | Found Oliprapn's Armour Boutique.
  7639 | D:10     | Bought the cursed +0 plate armour of the Elephant {*Drain rPois rCorr} for 374 gold pieces
  7848 | D:11     | Gained Bogmar as an ally
  8255 | D:11     | Noticed a five-headed hydra
  8256 | D:11     | Noticed a hill giant
  8260 | D:11     | Noticed a cyan ugly thing
  8260 | D:11     | Killed a five-headed hydra
  8260 | D:11     | Reached skill level 1 in Invocations
  8265 | D:11     | Killed a hill giant
  8265 | D:11     | Reached skill level 13 in Shields
  8270 | D:11     | Killed a cyan ugly thing
  8270 | D:11     | Reached XP level 12. HP: 40/104 MP: 14/14
  8719 | D:11     | Noticed an eight-headed hydra
  8727 | D:11     | Killed a nine-headed hydra
  8736 | D:11     | Found a shadowy altar of Dithmenos.
  9982 | Orc:1    | Entered Level 1 of the Orcish Mines
  9982 | Orc:1    | Found Egrom's Assorted Antiques.
  9982 | Orc:1    | Noticed an orc warlord
  9993 | Orc:1    | Killed an orc warlord
 10219 | Orc:1    | Noticed an orc warlord
 10219 | Orc:1    | Gained Bogbrand as an ally
 10227 | Orc:1    | Killed an orc warlord
 10597 | Orc:2    | Entered Level 2 of the Orcish Mines
 10618 | Orc:2    | Gained Worak as an ally
 10626 | Orc:2    | Gained Bogwald as an ally
 10732 | Orc:2    | Reached skill level 14 in Shields
 11046 | Orc:2    | Noticed an ettin
 11053 | Orc:2    | Killed an ettin
 11054 | Orc:2    | Noticed Donald
 11056 | Orc:2    | Reached skill level 10 in Fighting
 11061 | Orc:2    | Killed Donald
 11263 | Orc:2    | Noticed a stone giant
 11272 | Orc:2    | Killed a stone giant
 11345 | Orc:2    | Noticed an orc high priest
 11346 | Orc:2    | Noticed an orc high priest
 11348 | Orc:2    | Noticed an orc high priest
 11355 | Orc:2    | Noticed a sun demon
 11359 | Orc:2    | Killed an orc high priest
 11359 | Orc:2    | Reached XP level 13. HP: 76/113 MP: 16/16
 11368 | Orc:2    | Your ally Bogwald died
 11381 | Orc:2    | Found Suig Qos's Armour Shop.
 11381 | Orc:2    | Found Naunwof's Armour Emporium.
 11383 | Orc:2    | Found Toatwiad's Magic Scroll Shop.
 11383 | Orc:2    | Found Plog's Armour Emporium.
 11675 | Orc:2    | Found a staircase to the Elven Halls.
 11825 | Orc:2    | Lost mutation: Your natural rate of healing is unusually fast. [potion of cure mutation]
 11825 | Orc:2    | Lost mutation: You have an increased reservoir of magic (+10% MP). [potion of cure mutation]
 11825 | Orc:2    | Lost mutation: You have a pair of small horns on your head. [potion of cure mutation]
 11825 | Orc:2    | Lost mutation: You have sharp fingernails. [potion of cure mutation]
 11909 | Elf:1    | Entered Level 1 of the Elven Halls
 11985 | Elf:1    | Noticed a deep elf demonologist
 11997 | Elf:1    | Killed a deep elf demonologist
 11997 | Elf:1    | Reached skill level 10 in Armour
 12269 | Elf:1    | Identified the Guide on Companions
 12625 | Elf:1    | Reached skill level 15 in Shields
 13491 | Elf:1    | Gained Marbaugh as an ally
 13962 | Elf:2    | Your ally Marbaugh died
 13975 | Elf:2    | Reached ****** piety under Beogh
 13988 | Elf:2    | Reached XP level 14. HP: 31/124 MP: 14/16
 14698 | Elf:2    | Noticed Asterion
 14702 | Elf:2    | Found a runed gate.
 14708 | Elf:2    | Your ally Wardok died
 14712 | Elf:2    | Reached skill level 16 in Shields
 14714 | Elf:2    | HP: 2/124 [Asterion/demon whip of flaming (13)]
 14718 | Elf:2    | Killed Asterion
 14733 | Elf:2    | HP: 1/124 [something (17)]
 14734 | Elf:2    | Mangled by a deep elf knight

Skill      XL: |  1  2  3  4  5  6  7  8  9 10 11 12 13 14 |
---------------+-------------------------------------------+-----
Shields        | 4 5 6 8 9 11 13 14 15 16 | 16.0
Fighting       | 4 5 6 8 9 10 11 | 11.5
Axes           | 3 4 5 6 8 9 10 11 13 14 | 14.1
Armour         | 4 5 6 7 9 11 | 11.6
Dodging        | 1 2 3 4 5 6 |  6.5
Stealth        | 1 2 |  2.1
Invocations    | 1 2 3 |  3.6

Action                   |  1- 3 |  4- 6 |  7- 9 | 10-12 | 13-15 || total
-------------------------+-------+-------+-------+-------+-------++-------
Melee: War axe           |    80 |   119 |   539 |   388 |   183 ||  1309
       Headbutt          |       |       |    79 |   105 |     5 ||   189
Invok: Convert to Beogh  |       |     1 |       |       |       ||     1
       Smiting           |       |       |       |     6 |     1 ||     7
       Give Item to Name |       |       |       |     3 |     2 ||     5
  Use: Scroll            |     2 |       |    10 |     5 |     7 ||    24
       Potion            |       |     1 |     5 |     4 |     9 ||    19
  Eat: Bread ration      |       |     1 |     3 |     5 |     3 ||    12
       Chunk             |       |       |     4 |       |       ||     4
       Fruit             |       |       |       |       |     2 ||     2
Armor: Scale mail        |    33 |    35 |   135 |    57 |       ||   260
       Plate armour      |       |       |       |    62 |    43 ||   105
Dodge: Dodged            |    12 |    17 |    84 |    84 |    25 ||   222
Block: Shield            |    15 |       |       |    12 |   163 ||   190
       Large shield      |    28 |   104 |   659 |   511 |       ||  1302
       Reflection        |       |       |     6 |    22 |    21 ||    49
